| TOP OF THE 1ST |
|
Savannah Indians batting - Pitching for Asheville Tourists : RHP Roger Mason
|
|
Pitching: RHP Roger Mason
|
|
|
Batting: RHB Angel Salazar
|
0-0: Ground out 5-3 (Groundball, 5, EV 101.9 MPH)
|
|
Batting: LHB Kelvin Torve
|
0-0: Ball 1-0: Ball 2-0: Called Strike 2-1: Foul Ball, location: 2F 2-2: Strikes out swinging
|
|
Batting: RHB Jim Paciorek
|
0-0: Fly out, F9 (Line Drive, 9, EV 100.6 MPH)
|
| Top of the 1st over - 0 runs, 0 hits, 0 errors, 0 left on base; Savannah 0 - Asheville 0 |
| BOTTOM OF THE 1ST |
|
Asheville Tourists batting - Pitching for Savannah Indians : LHP Frank DiPino
|
|
Pitching: LHP Frank DiPino
|
|
|
Batting: RHB Ulises Infante
|
0-0: Ball 1-0: Ball 2-0: Foul Ball, location: 2F 2-1: Swinging Strike 2-2: Strikes out looking
|
|
Batting: LHB Steven Morrison
|
0-0: Ball 1-0: Swinging Strike 1-1: Swinging Strike 1-2: Ball 2-2: Ball 3-2: Base on Balls
|
|
Batting: RHB Wes Robbins
|
0-0: Ball 1-0: Ball 2-0: Ball 3-0: Base on Balls Steven Morrison to second
|
|
Batting: LHB Michael Wishnevski
|
0-0: Ball 1-0: Foul Ball, location: 2F 1-1: Swinging Strike 1-2: Strikes out swinging
|
|
Batting: RHB Edward Petryschuk
|
0-0: Called Strike 0-1: Called Strike 0-2: Ground out 5-3 (Groundball, 56S, EV 82.5 MPH)
|
| Bottom of the 1st over - 0 runs, 0 hits, 0 errors, 2 left on base; Savannah 0 - Asheville 0 |
| TOP OF THE 2ND |
|
Savannah Indians batting - Pitching for Asheville Tourists : RHP Roger Mason
|
|
Batting: RHB Wade Rowdon
|
0-0: Foul Ball, location: 2F 0-1: Ball 1-1: Foul Ball, location: 2F 1-2: Strikes out swinging
|
|
Batting: RHB Ramiro Gutierrez
|
0-0: SOLO HOME RUN (Flyball, 7D, EV 91.9 MPH), Distance : 381 ft
|
|
Batting: LHB Roberto Hernandez
|
0-0: Fly out, F8 (Flyball, 8RXD, EV 103.8 MPH)
|
|
Batting: RHB Eddie Vargas
|
0-0: Called Strike 0-1: Foul Ball, location: 2F 0-2: Ball 1-2: Ball 2-2: SINGLE (Line Drive, 3D, EV 95.0 MPH)
|
|
Batting: RHB Jeff Hearron
|
0-0: Ball 1-0: Ball 2-0: Fly out, F8 (Flyball, 8RD, EV 88.8 MPH)
|
| Top of the 2nd over - 1 run, 2 hits, 0 errors, 1 left on base; Savannah 1 - Asheville 0 |
| BOTTOM OF THE 2ND |
|
Asheville Tourists batting - Pitching for Savannah Indians : LHP Frank DiPino
|
|
Batting: LHB Donald Mazzilli
|
0-0: Ball 1-0: Ground out 3-1 (Groundball, 34, EV 104.4 MPH)
|
|
Batting: RHB Gareth Ledbetter
|
0-0: Ball 1-0: Ground out 1-3 (Groundball, 13, EV 69.4 MPH)
|
|
Batting: SHB Wayne Simmons
|
0-0: Called Strike 0-1: Ball 1-1: Ball 2-1: Ball 3-1: Base on Balls
|
|
Batting: RHB Mike Garcia
|
0-0: Ball 1-0: Fly out, F9 (Flyball, 9LD, EV 97.5 MPH)
|
| Bottom of the 2nd over - 0 runs, 0 hits, 0 errors, 1 left on base; Savannah 1 - Asheville 0 |
| TOP OF THE 3RD |
|
Savannah Indians batting - Pitching for Asheville Tourists : RHP Roger Mason
|
|
Batting: RHB Mario Diaz
|
0-0: Ball 1-0: Swinging Strike 1-1: Foul Ball, location: 2F 1-2: Ball 2-2: Fly out, F3 (Popup, 34S, EV 76.9 MPH)
|
|
Batting: RHB Angel Salazar
|
0-0: Called Strike 0-1: Ball 1-1: Ground out 5-3 (Groundball, 56, EV 83.8 MPH)
|
|
Batting: LHB Kelvin Torve
|
0-0: Fly out, F8 (Line Drive, 8LM, EV 88.1 MPH)
|
| Top of the 3rd over - 0 runs, 0 hits, 0 errors, 0 left on base; Savannah 1 - Asheville 0 |
| BOTTOM OF THE 3RD |
|
Asheville Tourists batting - Pitching for Savannah Indians : LHP Frank DiPino
|
|
Batting: RHB Ulises Infante
|
0-0: Ball 1-0: Ball 2-0: Ball 3-0: Called Strike 3-1: Called Strike 3-2: Fly out, F9 (Flyball, 9S, EV 86.3 MPH)
|
|
Batting: LHB Steven Morrison
|
0-0: Ball 1-0: Ball 2-0: Foul Ball, location: 2F 2-1: Called Strike 2-2: Foul Ball, location: 2F 2-2: Ball 3-2: Foul Ball, location: 2F 3-2: Strikes out swinging
|
|
Batting: RHB Wes Robbins
|
0-0: Called Strike 0-1: Ground out 6-3 (Groundball, 6, EV 87.5 MPH)
|
| Bottom of the 3rd over - 0 runs, 0 hits, 0 errors, 0 left on base; Savannah 1 - Asheville 0 |
| TOP OF THE 4TH |
|
Savannah Indians batting - Pitching for Asheville Tourists : RHP Roger Mason
|
|
Batting: RHB Jim Paciorek
|
0-0: SINGLE (Groundball, 34D, EV 98.8 MPH)
|
|
Batting: RHB Wade Rowdon
|
0-0: Ball 1-0: Called Strike 1-1: Ball 2-1: Ball 3-1: DOUBLE (Line Drive, 9LS, EV 101.3 MPH) Jim Paciorek to third
|
|
Batting: RHB Ramiro Gutierrez
|
0-0: Called Strike 0-1: Called Strike 0-2: Foul Ball, location: 2F 0-2: Ball 1-2: Ball 2-2: Ball 3-2: Fly out, F8 (Flyball, 8RXD, EV 100.6 MPH) Runner from 3rd tags up, SCORES, no throw by CF Wade Rowdon to third
|
|
Batting: LHB Roberto Hernandez
|
0-0: Ground out 4-3 (Groundball, 4, EV 104.4 MPH) Wade Rowdon scores
|
|
Batting: RHB Eddie Vargas
|
0-0: Fly out, F9 (Flyball, 9D, EV 85.6 MPH)
|
| Top of the 4th over - 2 runs, 2 hits, 0 errors, 0 left on base; Savannah 3 - Asheville 0 |
| BOTTOM OF THE 4TH |
|
Asheville Tourists batting - Pitching for Savannah Indians : LHP Frank DiPino
|
|
Batting: LHB Michael Wishnevski
|
0-0: Ground out U3 (Groundball, 3, EV 100.0 MPH)
|
|
Batting: RHB Edward Petryschuk
|
0-0: Called Strike 0-1: Foul Ball, location: 2F 0-2: Fly out, F9 (Flyball, 9D, EV 88.1 MPH)
|
|
Batting: LHB Donald Mazzilli
|
0-0: Ball 1-0: Foul Ball, location: 2F 1-1: Foul Ball, location: 2F 1-2: Foul Ball, location: 2F 1-2: Ball 2-2: Foul Ball, location: 2F 2-2: Strikes out swinging
|
| Bottom of the 4th over - 0 runs, 0 hits, 0 errors, 0 left on base; Savannah 3 - Asheville 0 |
| TOP OF THE 5TH |
|
Savannah Indians batting - Pitching for Asheville Tourists : RHP Roger Mason
|
|
Batting: RHB Jeff Hearron
|
0-0: Called Strike 0-1: Ball 1-1: Reached on error, E5 (Groundball, 56, EV 86.9 MPH)
|
|
Batting: RHB Mario Diaz
|
0-0: Bunted foul 0-1: Sac Bunt to 2R - play at first, batter OUT! 2-4 Jeff Hearron to second
|
|
Batting: RHB Angel Salazar
|
0-0: Foul Ball, location: 2F 0-1: Ball 1-1: Foul Ball, location: 2F 1-2: Ball 2-2: Strikes out swinging
|
|
Batting: LHB Kelvin Torve
|
0-0: Ball 1-0: Called Strike 1-1: Swinging Strike 1-2: Ball 2-2: Fly out, F7 (Flyball, 78S, EV 86.9 MPH)
|
| Top of the 5th over - 0 runs, 0 hits, 1 error, 1 left on base; Savannah 3 - Asheville 0 |
| BOTTOM OF THE 5TH |
|
Asheville Tourists batting - Pitching for Savannah Indians : LHP Frank DiPino
|
|
Batting: RHB Gareth Ledbetter
|
0-0: Ball 1-0: Called Strike 1-1: Foul Ball, location: 2F 1-2: Strikes out looking
|
|
Batting: SHB Wayne Simmons
|
0-0: Ball 1-0: Ball 2-0: Ball 3-0: Called Strike 3-1: Foul Ball, location: 2F 3-2: Foul Ball, location: 2F 3-2: DOUBLE (Flyball, 89D, EV 93.1 MPH)
|
|
Batting: RHB Mike Garcia
|
0-0: Ball 1-0: Ball 2-0: Ball 3-0: Called Strike 3-1: Called Strike 3-2: Fly out, F3 (Flyball, 3D, EV 79.4 MPH)
|
|
Batting: RHB Ulises Infante
|
0-0: Called Strike 0-1: Ball 1-1: DOUBLE (Line Drive, 9D, EV 94.4 MPH) Wayne Simmons scores
|
|
Batting: LHB Steven Morrison
|
0-0: Swinging Strike 0-1: Ground out 6-3 (Groundball, 6M, EV 84.4 MPH)
|
| Bottom of the 5th over - 1 run, 2 hits, 0 errors, 1 left on base; Savannah 3 - Asheville 1 |
| TOP OF THE 6TH |
|
Savannah Indians batting - Pitching for Asheville Tourists : RHP Roger Mason
|
|
Batting: RHB Jim Paciorek
|
0-0: Fly out, F4 (Popup, 3DF, EV 68.1 MPH)
|
|
Batting: RHB Wade Rowdon
|
0-0: Called Strike 0-1: Ball 1-1: Ball 2-1: Swinging Strike 2-2: Strikes out swinging
|
|
Batting: RHB Ramiro Gutierrez
|
0-0: Swinging Strike 0-1: Swinging Strike 0-2: Fly out, F8 (Flyball, 89D, EV 101.9 MPH)
|
| Top of the 6th over - 0 runs, 0 hits, 0 errors, 0 left on base; Savannah 3 - Asheville 1 |
| BOTTOM OF THE 6TH |
|
Asheville Tourists batting - Pitching for Savannah Indians : LHP Frank DiPino
|
|
Batting: RHB Wes Robbins
|
0-0: Fly out, F3 (Flyball, 34D, EV 80.6 MPH)
|
|
Batting: LHB Michael Wishnevski
|
0-0: Ball 1-0: Called Strike 1-1: Ball 2-1: Foul Ball, location: 2F 2-2: Ball 3-2: Strikes out swinging, 2-3 out at first.
|
|
Batting: RHB Edward Petryschuk
|
0-0: Ball 1-0: Called Strike 1-1: Called Strike 1-2: Ball 2-2: Fly out, F9 (Flyball, 89S, EV 90.0 MPH)
|
| Bottom of the 6th over - 0 runs, 0 hits, 0 errors, 0 left on base; Savannah 3 - Asheville 1 |
| TOP OF THE 7TH |
|
Savannah Indians batting - Pitching for Asheville Tourists : RHP Roger Mason
|
|
Batting: LHB Roberto Hernandez
|
0-0: Ball 1-0: Called Strike 1-1: Ground out 6-3 (Groundball, 6, EV 92.5 MPH)
|
|
Batting: RHB Eddie Vargas
|
0-0: Called Strike 0-1: Ball 1-1: Fly out, F7 (Flyball, 7, EV 85.6 MPH)
|
|
Batting: RHB Jeff Hearron
|
0-0: Swinging Strike 0-1: Swinging Strike 0-2: Ball 1-2: Strikes out swinging
|
| Top of the 7th over - 0 runs, 0 hits, 0 errors, 0 left on base; Savannah 3 - Asheville 1 |
| BOTTOM OF THE 7TH |
|
Asheville Tourists batting - Pitching for Savannah Indians : LHP Frank DiPino
|
|
Batting: LHB Donald Mazzilli
|
0-0: Called Strike 0-1: Ground out U3 (Groundball, 3, EV 85.0 MPH)
|
|
Batting: RHB Gareth Ledbetter
|
0-0: Called Strike 0-1: Swinging Strike 0-2: Ball 1-2: Ball 2-2: Ball 3-2: Base on Balls
|
|
Batting: SHB Wayne Simmons
|
0-0: Ball 1-0: Ball 2-0: Ball 3-0: Called Strike 3-1: Base on Balls Gareth Ledbetter to second
|
|
Batting: RHB Mike Garcia
|
0-0: Fly out, F8 (Flyball, 89D, EV 103.1 MPH) Runner from 2nd tags up, SAFE at 3rd with throw by CF
|
|
Batting: RHB Ulises Infante
|
0-0: Ball 1-0: Called Strike 1-1: Foul Ball, location: 2F 1-2: Strikes out swinging
|
| Bottom of the 7th over - 0 runs, 0 hits, 0 errors, 2 left on base; Savannah 3 - Asheville 1 |
| TOP OF THE 8TH |
|
Savannah Indians batting - Pitching for Asheville Tourists : RHP Roger Mason
|
|
Batting: RHB Mario Diaz
|
0-0: Called Strike 0-1: Ball 1-1: Foul Ball, location: 2F 1-2: Ball 2-2: SINGLE (Line Drive, 6D, EV 96.3 MPH)
|
|
Batting: RHB Angel Salazar
|
0-0: Called Strike 0-1: Fly out, F7 (Flyball, 78M, EV 83.8 MPH)
|
|
Batting: LHB Kelvin Torve
|
0-0: Ball 1-0: Fielders Choice at 2nd, 6-4 (Groundball, 6M, EV 90.6 MPH)
|
|
Batting: RHB Jim Paciorek
|
0-0: Ball Kelvin Torve steals 2nd base 1-0: Swinging Strike 1-1: Ball 2-1: Fly out, F5 (Popup, 5SF, EV 83.8 MPH)
|
| Top of the 8th over - 0 runs, 1 hit, 0 errors, 1 left on base; Savannah 3 - Asheville 1 |
| BOTTOM OF THE 8TH |
|
Asheville Tourists batting - Pitching for Savannah Indians : LHP Frank DiPino
|
|
Batting: LHB Steven Morrison
|
0-0: Ball 1-0: Foul Ball, location: 2F 1-1: Foul Ball, location: 2F 1-2: Ground out 1-3 (Groundball, 13, EV 68.1 MPH)
|
|
Batting: RHB Wes Robbins
|
0-0: Called Strike 0-1: Ball 1-1: SINGLE (Line Drive, 6D, EV 94.4 MPH)
|
|
Batting: LHB Michael Wishnevski
|
0-0: Called Strike 0-1: Ball 1-1: Swinging Strike 1-2: Strikes out swinging
|
|
Batting: RHB Edward Petryschuk
|
0-0: Called Strike 0-1: Foul Ball, location: 2F 0-2: Foul Ball, location: 2F 0-2: Ground out 5-3 (Groundball, 15, EV 82.5 MPH)
|
| Bottom of the 8th over - 0 runs, 1 hit, 0 errors, 1 left on base; Savannah 3 - Asheville 1 |
| TOP OF THE 9TH |
|
Savannah Indians batting - Pitching for Asheville Tourists : RHP Roger Mason
|
|
Pitching: LHP Dave Schuler
|
|
|
Batting: RHB Wade Rowdon
|
0-0: Ball 1-0: Ball 2-0: Ball 3-0: Called Strike 3-1: Base on Balls
|
|
Batting: RHB Ramiro Gutierrez
|
0-0: Swinging Strike 0-1: Grounds into double play, 5-4-3 (Groundball, 56, EV 102.5 MPH)
|
|
Batting: LHB Roberto Hernandez
|
0-0: Ball 1-0: Ball 2-0: Called Strike 2-1: Ground out 5-3 (Groundball, 56, EV 87.5 MPH)
|
| Top of the 9th over - 0 runs, 0 hits, 0 errors, 0 left on base; Savannah 3 - Asheville 1 |
| BOTTOM OF THE 9TH |
|
Asheville Tourists batting - Pitching for Savannah Indians : LHP Frank DiPino
|
|
Pitching: RHP Joel Willett
|
|
|
Batting: LHB Donald Mazzilli
|
0-0: Ball 1-0: Foul Ball, location: 2F 1-1: Ball 2-1: Reached on error, E6 (Groundball, 6, EV 101.9 MPH)
|
|
Batting: RHB Gareth Ledbetter
|
0-0: Called Strike 0-1: Foul Ball, location: 2F 0-2: Strikes out swinging
|
|
Pinch Hitting: LHB Daniel McInerny
|
0-0: Ball 1-0: Ball 2-0: Called Strike 2-1: Fly out, F8 (Flyball, 8LD, EV 91.9 MPH)
|
|
Batting: RHB Mike Garcia
|
0-0: Foul Ball, location: 2F 0-1: Foul Ball, location: 2F 0-2: Ball 1-2: Strikes out swinging
|
| Bottom of the 9th over - 0 runs, 0 hits, 1 error, 1 left on base; Savannah 3 - Asheville 1 |
|